 Dungeon Crawl Stone Soup version 0.21-a0-95-g06f091e (webtiles) character file.

2 Banto the Bolt Thrower (level 1, -2/17 HPs)
             Began as a Demigod Wanderer on July 5, 2017.
             Slain by a goblin
             ... wielding a +0 dagger
              (4 damage)
             ... on level 2 of the Dungeon.
             The game lasted 00:00:29 (105 turns).

Banto the Bolt Thrower (Demigod Wanderer)            Turns: 105, Time: 00:00:30

Health: -2/17      AC:  2    Str: 14    XL:     1   Next: 26%
Magic:  4/4        EV:  8    Int: 16    God:
Gold:   0          SH:  8    Dex: 16    Spells: 2/2 levels left

rFire    . . .     SeeInvis .   c - +0 hand crossbow
rCold    . . .     Gourm    .   a - +0 shield
rNeg     . . .     Faith    .   e - +0 robe
rPois    .         Spirit   .   (no helmet)
rElec    .         Reflect  .   (no cloak)
rCorr    .         Harm     .   (no gloves)
MR       .....                  (no boots)
Stlth    +.........             (no amulet)
HPRegen  0.05/turn              (no ring)
MPRegen  0.09/turn              (no ring)

@: no status effects
A: high mp 1
a: no special abilities


You were on level 2 of the Dungeon.
You were not hungry.

You visited 1 branch of the dungeon, and saw 2 of its levels.

Inventory:

Hand Weapons
 c - a +0 hand crossbow (weapon)
Missiles
 d - 20 bolts (quivered)
Armour
 a - a +0 shield (worn)
 e - a +0 robe (worn)
Scrolls
 g - a scroll of teleportation {unknown}
Books
 b - the Tome of Displacement

   Spells                             Type                      Level
   a - Apportation                    Translocation                1
   b - Recall                         Summoning/Translocation      3
Comestibles
 f - a bread ration
 h - a fruit


   Skills:
 + Level 1.8 Fighting
 + Level 1.9 Crossbows
 + Level 1.0 Armour
 + Level 1.0 Shields
 + Level 1.0 Spellcasting
   Level 1.7 Transmutations
   Level 1.0 Evocations


You had 2 spell levels left.
You didn't know any spells.

Dungeon Overview and Level Annotations

Branches:
Dungeon (2/15)


Innate Abilities, Weirdness & Mutations

You have an increased reservoir of magic. (+10% MP)


Message History

The kobold hits you with a short sword. You block the kobold's attack.
The kobold hits you with a short sword.
You take 4 damage, and have 13/17 hp.
MASSIVE DAMAGE!!
You clumsily bash the kobold but do no damage.
The goblin hits you but does no damage. You block the kobold's attack. x2
The goblin hits you with a dagger. The kobold completely misses you.
You take 3 damage, and have 10/17 hp.
You clumsily bash the kobold but do no damage.
The kobold completely misses you. The goblin hits you with a dagger.
You block the kobold's attack. The kobold hits you but does no damage.
The goblin hits you but does no damage.
You take 1 damage, and have 9/17 hp.
You barely miss the kobold. The kobold hits you but does no damage.
The kobold hits you with a short sword. The goblin hits you with a dagger.
* * * LOW HITPOINT WARNING * * *
The kobold barely misses you. The kobold hits you with a short sword.
* * * LOW HITPOINT WARNING * * *
You take 7 damage, and have 2/17 hp.
MASSIVE DAMAGE!!
You closely miss the kobold. The goblin hits you with a dagger.
You die...

....... .......
..... ##### #...#
#.$.# #...# #...#
#.K@# #.gK# #...#
#.####
#...K###########
#####............
#
..................
+
.########.........
K#.....?........#
#.


You could see a goblin and 2 kobolds.

Vanquished Creatures
  2 goblins
2 creatures vanquished.

Notes
Turn   | Place    | Note
-------+----------+-------------------------------------------
     0 | D:1      | Banto the Demigod Wanderer began the quest for the Orb.
     0 | D:1      | Banto set off with: a +0 shield, the Tome of Displacement, a +0 hand crossbow, 22 bolts, a +0 robe, a bread ration
     0 | D:1      | Reached XP level 1. HP: 17/17 MP: 4/4
     0 | D:1      | Identified the Tome of Displacement
    74 | D:2      | Found a snail-covered altar of Cheibriados.
    74 | D:2      | Found a radiant altar of Vehumet.
    74 | D:2      | Found a shimmering altar of Xom.
   105 | D:2      | Slain by a goblin

Vault maps used:
D:1:      minmay_arrival_plants_in_alcoves, minivault_5, item_on_display_a
D:2:      gammafunk_temple_overflow_forgotten, serial_co_window_serial,
          co_window_paths_a, co_window_corner_a, co_window_of_opportunity_a,
          co_window_corner_a, co_window_paths_b, co_window_of_opportunity_a,
          co_window_paths_b, co_window_of_opportunity_c, co_window_cross_3,
          co_window_broadway_c, co_window_broadway_c,
          co_window_of_opportunity_b, co_window_paths_d, glass_columns_c,
          glass_columns_b, glass_columns_b, glass_columns_b,
          kennysheep_generic_room_5

Action                   || total
-------------------------++-------
Melee: Hand crossbow     ||     5
 Fire: Hand crossbow     ||     4
Armor: Robe              ||     3
Dodge: Dodged            ||     5
Block: Shield            ||    10

Table legend:
 A = Turns spent in this place as a percentage of turns spent in the entire game.
 B = Non-inter-level travel turns spent in this place as a percentage of non-inter-level travel turns spent in the entire game.
 C = Inter-level travel turns spent in this place as a percentage of turns spent in this place.
 D = Turns resting spent in this place as a percentage of non-inter-level travel turns spent in this place.
 E = Turns spent auto-exploring this place as a percentage of non-inter-level travel turns spent in this place.
 F = Non-inter-level travel turns spent in this place divided by the number of levels of this place that you've seen.
                   A       B       C       D       E      F
               +-------+-------+-------+-------+-------+----------------------
         Total | 100.0 | 100.0 |   0.0 |   0.0 |   7.6 |  39.5
       Dungeon | 100.0 | 100.0 |   0.0 |   0.0 |   7.6 |  39.5
               +-------+-------+-------+-------+-------+----------------------

Table legend:
 A = Kills in this place as a percentage of kills in entire the game.
 B = Kills by you in this place as a percentage of kills by you in the entire game.
 C = Kills by friends in this place as a percentage of kills by friends in the entire game.
 D = Other kills in this place as a percentage of other kills in the entire game.
 E = Experience gained in this place as a percentage of experience gained in the entire game.
 F = Experience gained in this place divided by the number of levels of this place that you have seen.
                   A       B       C       D       E      F
               +-------+-------+-------+-------+-------+----------------------
         Total | 100.0 | 100.0 |  -nan |  -nan | 100.0 |   2.0
       Dungeon | 100.0 | 100.0 |  -nan |  -nan | 100.0 |   2.0
               +-------+-------+-------+-------+-------+----------------------
